 Dungeon Crawl Stone Soup version 0.29.1-2-gbd0b4ee654 (webtiles) character file.

Game seed: 656464150159965015

256 hawla the Grave Robber (level 5, -3/28 HPs)
             Began as a Deep Elf Necromancer on Nov 22, 2022.
             Killed by divine providence
             ... invoked by an orc priest
              (11 damage)
             ... on level 4 of the Dungeon.
             The game lasted 00:12:19 (3908 turns).

hawla the Grave Robber (Deep Elf Necromancer)       Turns: 3908, Time: 00:12:20

Health: -3/28      AC:  4    Str:  5    XL:     5   Next: 92%
Magic:  12/15      EV: 12    Int: 22    God:
Gold:   240        SH:  0    Dex: 15    Spells: 4/15 levels left

rFire   . . .      SeeInvis .   (no weapon)
rCold   . . .      Faith    .   (no shield)
rNeg    + . .      Spirit   .   a - +0 robe
rPois   .          Reflect  .   (no helmet)
rElec   .          Harm     .   (no cloak)
rCorr   .          Rampage  .   g - +0 pair of gloves
Will    .....                   e - +0 pair of boots
Stlth   ++........              (no amulet)
HPRegen 0.09/turn               r - ring of wizardry
MPRegen 0.14/turn               q - ring of positive energy

@: no status effects
A: no striking features
a: no special abilities


You were on level 4 of the Dungeon.
You visited 1 branch of the dungeon, and saw 4 of its levels.

You collected 240 gold pieces.

Inventory:

Armour
 a - a +0 robe (worn)
 e - a +0 pair of boots (worn)
 g - a +0 pair of gloves (worn)
Jewellery
 p - a +6 ring of strength
 q - a ring of positive energy (right hand)
 r - a ring of wizardry (left hand)
Scrolls
 c - 3 scrolls of identify
 d - a scroll of poison
 h - a scroll of enchant armour {unknown}
 j - 2 scrolls of fear
Potions
 b - a potion of degeneration {unknown}
 f - a potion of mutation {unknown}
 i - a potion of attraction
 k - 3 potions of curing
 l - 2 potions of invisibility {unknown}
 m - a potion of haste
 n - a potion of heal wounds
 o - a potion of cancellation
 s - a potion of magic


   Skills:
 + Level 2.6 Dodging
 - Level 2.4 Stealth
 + Level 5.7 Spellcasting
 + Level 0.9 Conjurations
 + Level 6.9 Necromancy
 + Level 0.7 Air Magic
 + Level 0.9 Poison Magic


You had 4 spell levels left.
You knew the following spells:

 Your Spells              Type           Power      Damage    Failure   Level
a - Necrotise             Necr           100%       1d9       1%          1
b - Vampiric Draining     Necr           36%        2d8       1%          3
c - Animate Dead          Necr           36%        N/A       2%          4
d - Mephitic Cloud        Conj/Pois/Air  10%        N/A       9%          3

Your spell library contained the following spells:

 Spells                   Type           Power      Damage    Failure   Level
 Ignite Poison            Fire/Tmut/Pois 7%         N/A       11%         3
 Portal Projectile        Hex/Tloc       12%        N/A       12%         3
 Tukima's Dance           Hex            6%         N/A       12%         3
 Summon Lightning Spire   Summ/Air       7%         N/A       32%         4
 Passage of Golubria      Tloc           6%         N/A       34%         4
 Agony                    Necr           36%        N/A       6%          5
 Freezing Cloud           Conj/Ice/Air   4%         6-21      61%         5
 Blade Hands              Tmut           3%         N/A       67%         5
 Yara's Violent Unravell  Hex/Tmut       3%         3d4       67%         5
 Storm Form               Tmut/Air       3%         N/A       100%        7
 Maxwell's Capacitive Co  Air            4%         ∞         100%        8


Dungeon Overview and Level Annotations

Branches:
Dungeon (4/15)
 Temple: D:4-7

Altars:
Xom


Message History

An orc wizard and an orc priest come into view.
Found a scroll of identify.
An orc priest comes into view. It is wielding a +0 club.
The orc shouts!
An orc comes into view. It is wielding a +0 short sword.
There is an open door here.
The orc wizard shouts!
The orc shouts!
The orc priest shouts!
The orc wizard points at you and mumbles some strange words.
You are confused.
The orc priest shouts!
You're too confused to cast spells.
Okay, then.
You're too confused to cast spells.
Okay, then.
You're too confused to cast spells.
You drop a scroll of amnesia.
You hear a howl!
A dart slug comes into view.
The orc priest calls down the wrath of Beogh upon you.
Beogh smites you!
Ouch! That really hurt!
Unknown command.
It was a potion of curing.
You feel better. The orc priest barely misses you.
Your gnoll zombie barely misses the orc.
Casting: Necrotise (safe; 1% risk of failure)
Confirm with . or Enter, or press ? or * to list all spells.
Aiming: Vampiric Draining (safe; 1% risk of failure)
Press: ? - help, Shift-Dir - straight line, f - orc priest
Aim: an orc priest, wielding a +0 dagger You draw life force from the orc priest!
You feel life coursing into your body.
The orc priest hits you with a +0 dagger.
The orc hits you with a +0 short sword.
The orc hits you with a +1 vorpal hand axe!
The orc hits your gnoll zombie with a +1 vorpal hand axe.
The orc wizard hits you with a +0 dagger.
* * * LOW HITPOINT WARNING * * *
The orc priest calls down the wrath of Beogh upon you.
Beogh smites you!
You die...

.........#.# #......
##########.# #...... #.#
#...... ##########Z#
#...... .........#Z#
###......
.........#.###...#####..
.........#Z....... #..
#........#..^^^.^. #..
#.....o@.#..^_^... ###
#.....oooZZ..^^...
#..?.....##.......
#...o...?# <#.+###
#........# ###..
.........# ###
.......... ........w.
.........


You could see 2 orc priests, an orc wizard (ally target), a dart slug, 2 orcs
and 2 friendly gnoll zombies.

Vanquished Creatures
  A howler monkey (D:4)
  3 adders (D:3)
  7 gnolls
  3 worms
  A dart slug (D:3)
  7 endoplasms
  2 giant cockroaches
  8 goblins
  8 hobgoblins
  3 jackals (D:1)
  2 quokkas
  4 ball pythons
  A bat (D:1)
  5 frilled lizards
  6 kobolds
  6 rats
67 creatures vanquished.

Vanquished Creatures (collateral kills)
  A jelly (D:4)
  A gnoll (D:4)
  An adder (D:3)
3 creatures vanquished.

Vanquished Creatures (others)
  2 plants (D:1)
2 creatures vanquished.

Grand Total: 72 creatures vanquished

Notes
Turn   | Place    | Note
-------+----------+-------------------------------------------
     0 | D:1      | hawla the Deep Elf Necromancer began the quest for the Orb.
     0 | D:1      | Reached XP level 1. HP: 10/10 MP: 6/6
   119 | D:1      | Reached skill level 5 in Necromancy
   299 | D:1      | Reached XP level 2. HP: 15/15 MP: 4/8
  1215 | D:2      | Reached XP level 3. HP: 19/19 MP: 6/10
  1317 | D:2      | Learned a level 3 spell: Vampiric Draining
  2672 | D:3      | Reached skill level 6 in Necromancy
  2672 | D:3      | Reached XP level 4. HP: 24/24 MP: 9/12
  2677 | D:3      | Learned a level 4 spell: Animate Dead
  3266 | D:3      | Reached skill level 5 in Spellcasting
  3266 | D:3      | Reached XP level 5. HP: 28/28 MP: 9/14
  3533 | D:4      | Learned a level 3 spell: Mephitic Cloud
  3898 | D:4      | Found a shimmering altar of Xom.
  3908 | D:4      | Killed from afar by an orc priest

Illustrated notes

Levels and vault maps discovered:
D:1:      minmay_arrival_floating_metal, layout_loops_ring,
          serial_bayou_lagoon_a, minmay_octomino_j4
D:2:      layout_basic
D:3:      wander_river, layout_loops_cross, bh_walls_and_bars
D:4:      layout_basic, marbit_many_paths, xom_teletrap_fun, kennysheep_diamond

Skill      XL: |  1  2  3  4 |
---------------+-------------+-----
Necromancy     | 5 6 |  6.9
Spellcasting   | 4 5 |  5.7
Dodging        | |  2.6
Stealth        | |  2.4
Conjurations   | |  0.9
Air Magic      | |  0.7
Poison Magic   | |  0.9

Action                   |  1- 3 |  4- 6 || total
-------------------------+-------+-------++-------
Melee: Unarmed           |    11 |     9 ||    20
 Cast: Necrotise         |    92 |    32 ||   124
       Vampiric Draining |       |    10 ||    10
       Animate Dead      |       |     2 ||     2
       Mephitic Cloud    |       |     1 ||     1
  Use: Scroll            |     9 |       ||     9
       Potion            |       |     2 ||     2
 Stab: Sleeping          |     2 |       ||     2
Armor: Robe              |     5 |     2 ||     7
Dodge: Dodged            |    22 |    16 ||    38
